 Dungeon Crawl Stone Soup version 0.23-a0-488-g5fd82c5 (webtiles) character file.

1719 Gruud the Spear-Bearer (level 8, -6/51 (52) HPs)
             Began as a Demonspawn Necromancer on Nov 30, 2018.
             Was a Believer of Qazlal.
             Killed from afar by an electric eel (7 damage)
             ... with a bolt of electricity
             ... in a bailey on Dec 1, 2018.
             The game lasted 00:33:45 (5198 turns).

Gruud the Spear-Bearer (Demonspawn Necromancer)     Turns: 5198, Time: 00:33:46

HP:   -6/51 (52)    AC: 11    Str: 11    XL:     8   Next: 75%
MP:   3/11          EV: 10    Int: 17    God:    Qazlal [**....]
Gold: 264           SH:  2    Dex: 13    Spells: 2/11 levels left

rFire    + . .     SeeInvis +   F - +1 spear (distort)
rCold    + . .     Gourm    .   (no shield)
rNeg     . . .     Faith    .   C - +1 ring mail {rC+}
rPois    .         Spirit   .   (helmet unavailable)
rElec    .         Reflect  .   w - +0 cloak
rCorr    .         Harm     .   o - +0 pair of gloves
MR       .....                  m - +0 pair of boots
Stlth    +.........             (no amulet)
HPRegen  0.17/turn              n - ring of protection from fire
MPRegen  0.12/turn              a - ring of attention (curse)

@: very slightly contaminated
A: antennae 3, slimy green scales 1, nightstalker 1, powered by death 1
a: Upheaval, Renounce Religion


You were in a bailey.
You worshipped Qazlal.
Qazlal was pleased with you.
You were not hungry.

You visited 2 branches of the dungeon, and saw 8 of its levels.
You also visited: Bailey.

You collected 264 gold pieces.

Inventory:

Hand Weapons
 d - a +0 short sword
 e - a +0 whip
 f - a +0 trident
 F - a +1 spear of distortion (weapon)
Missiles
 h - 55 sling bullets
 v - 36 poisoned needles
 D - 7 javelins (quivered)
 G - 6 needles of sleeping
Armour
 k - a +2 large shield
 m - a +0 pair of boots (worn)
 o - a +0 pair of gloves (worn)
 t - a +0 plate armour
 w - a +0 cloak (worn)
 C - a +1 ring mail of cold resistance (worn)
Jewellery
 a - a cursed ring of attention (right hand)
 n - a ring of protection from fire (left hand)
Scrolls
 l - a scroll of remove curse
 s - a scroll of teleportation
 A - a scroll of enchant weapon {unknown}
Potions
 b - a potion of lignification
 g - a potion of cancellation
 j - a potion of flight
 q - a potion of curing
 r - a potion of invisibility
Comestibles
 c - 5 rations
 i - 6 chunks of flesh


   Skills:
 * Level 8.6 Polearms
 - Level 1.7 Dodging
 - Level 1.7 Stealth
 - Level 2.0 Spellcasting
 - Level 8.1 Necromancy


You had 2 spell levels left.
You knew the following spells:

 Your Spells              Type           Power        Failure   Level  Hunger
a - Pain                  Necr           ####         1%          1    #......
b - Animate Skeleton      Necr           N/A          1%          1    #......
c - Vampiric Draining     Necr           ####......   4%          3    ###....
d - Regeneration          Chrm/Necr      ###.......   26%         3    ###....
e - Apportation           Tloc           #.....       43%         1    #......

Your spell library contained the following spells:

 Spells                   Type           Power        Failure   Level  Hunger
 Confusing Touch          Hex            #.....       43%         1    #......
 Summon Small Mammal      Summ           #...         43%         1    #......
 Animate Dead             Necr           N/A          17%         4    #####..


Dungeon Overview and Level Annotations

Branches:
Dungeon (7/15)             Temple (1/1) D:4

Altars:
Ashenzari
Cheibriados
Dithmenos
Elyvilon
Fedhas
Gozag
Hepliaklqana
Kikubaaqudgha
Makhleb
Nemelex Xobeh
Okawaru
Qazlal
Ru
Trog
Uskayaw
Vehumet
Wu Jian
Xom
Yredelemnul
Zin
The Shining One

Annotations:
D:2 Sigmund
D:3 1 runed door, exclusion: door


Innate Abilities, Weirdness & Mutations

You have a pair of large antennae on your head. (SInv)
You are partially covered in slimy green scales. (AC +2)
You are slightly more attuned to the shadows.
You regenerate a little health from kills.


Message History

An electric eel comes into view.
The electric eel shoots out a bolt of lightning at you!
The bolt of electricity hits you!
The bolt of electricity hits your orc knight skeleton.
Your orc knight skeleton is destroyed!
Attack whom?
Press: ? - help, Dir - move target cursor, f - electric eel
Aim: an electric eel (water)
You reach to attack!
You barely miss the electric eel.
The electric eel shoots out a bolt of lightning at you!
The bolt of electricity hits you!
* * * LOW HITPOINT WARNING * * *
The electric eel shoots out a bolt of lightning at you!
The bolt of electricity misses you.
The electric eel shoots out a bolt of lightning at you!
The bolt of electricity hits you!
* * * LOW HITPOINT WARNING * * *
The electric eel shoots out a bolt of lightning at you!
The bolt of electricity hits you!
You die...

≈≈≈≈≈# { ## #≈≈≈≈≈#
#. #;≈≈≈≈# { #.
#≈≈≈≈≈######.
#≈≈≈≈≈≈.#....
######.;≈≈≈≈.#....
#......≈≈≈≈≈.#'g##
###....).;≈≈≈≈.#....
#..@§§......)))')...
#∩..∩))..).!.).)..⌠.
#......)..)...))....
###......≈≈≈≈≈.#....
#......≈≈≈≈≈.#''##
######.≈≈≈≈≈.#....
#≈≈≈≈≈≈.#....
#≈≈≈≈≈######.
#≈≈≈≈≈# #.


You could see 2 electric eels.

Vanquished Creatures
  An orc knight (Bailey)
  An ice beast (D:6)
  4 orc warriors (Bailey)
  A sky beast (D:5)
  An ogre (D:6)
  A necrophage (D:5)
  A scorpion (D:4)
  3 crimson imps
  An orc wizard (D:4)
  A centaur skeleton (D:4)
  Jessica (D:2)
  Terence (D:1)
  A worker ant (D:4)
  A hound zombie (D:5)
  4 gnolls (Bailey)
  4 adders
  A shadow imp (D:5)
  2 oozes
  3 adder skeletons
  An adder zombie (D:6)
  5 worms
  3 dart slugs
  4 leopard geckos
  7 orcs
  4 ball pythons
  5 bats
  3 giant cockroaches
  9 goblins
  14 hobgoblins
  A jackal (D:1)
  4 quokkas
  A ball python skeleton (D:4)
  6 frilled lizards
  A jackal zombie (D:6)
  10 kobolds
  A leopard gecko zombie (D:5)
  6 rats
118 creatures vanquished.

Vanquished Creatures (collateral kills)
  A gnoll (D:1)
  A shadow imp (D:5)
  A worm (D:2)
  A bat (D:1)
  A goblin (D:1)
  2 jackals (D:1)
  A ball python (D:2)
  3 frilled lizards
  A kobold (D:2)
  A rat (D:2)
13 creatures vanquished.

Vanquished Creatures (others)
  A water moccasin zombie (D:6)
  An iguana (D:6)
  A goblin (Bailey)
  2 hobgoblins (Bailey)
5 creatures vanquished.

Grand Total: 136 creatures vanquished

Notes
Turn   | Place    | Note
-------+----------+-------------------------------------------
     0 | D:1      | Gruud the Demonspawn Necromancer began the quest for the
                  | Orb.
     0 | D:1      | Reached XP level 1. HP: 13/13 MP: 3/3
     3 | D:1      | Learned a level 1 spell: Animate Skeleton
   184 | D:1      | Gained mutation: You are slightly more attuned to the
                  | shadows. [demonic ancestry]
   184 | D:1      | Reached XP level 2. HP: 9/19 MP: 0/5
   259 | D:1      | Reached skill level 5 in Necromancy
   838 | D:1      | Gained mutation: You regenerate a little health from kills.
                  | [demonic ancestry]
   838 | D:1      | Reached XP level 3. HP: 20/24 MP: 1/6
   935 | D:1      | Learned a level 3 spell: Vampiric Draining
  1205 | D:2      | Noticed Jessica
  1209 | D:2      | Killed Jessica
  1209 | D:2      | Gained mutation: You are partially covered in slimy green
                  | scales. (AC +2) [demonic ancestry]
  1209 | D:2      | Reached XP level 4. HP: 24/30 MP: 0/7
  1298 | D:2      | Noticed Sigmund
  1363 | D:2      | Noticed Terence
  1384 | D:1      | Killed Terence
  1436 | D:2      | Noticed an ice beast
  1720 | D:2      | Reached XP level 5. HP: 30/35 MP: 3/8
  1736 | D:2      | Learned a level 3 spell: Regeneration
  1995 | D:2      | Found a shattered altar of Ashenzari.
  2671 | D:3      | Found a runed door.
  2727 | D:4      | Found a staircase to the Ecumenical Temple.
  2740 | Temple   | Entered the Ecumenical Temple
  2741 | Temple   | Upgraded the game from 0.23-a0-484-g29ba69c to
                  | 0.23-a0-488-g5fd82c5
  2873 | Temple   | Became a worshipper of Qazlal Stormbringer
  3110 | D:4      | Noticed an ogre
  3265 | D:4      | Found an iron altar of Okawaru.
  3322 | D:4      | Found a snail-covered altar of Cheibriados.
  3345 | D:5      | Entered Level 5 of the Dungeon
  3360 | D:5      | Noticed a sky beast
  3412 | D:4      | Gained mutation: You have a pair of small antennae on your
                  | head. [demonic ancestry]
  3412 | D:4      | Reached XP level 6. HP: 33/41 MP: 4/9
  3425 | D:4      | Reached skill level 1 in Polearms
  3636 | D:5      | Learned a level 1 spell: Apportation
  3938 | D:6      | Found a white marble altar of Elyvilon.
  4003 | D:6      | Noticed an ice beast
  4030 | D:6      | Killed an ice beast
  4030 | D:6      | Reached * piety under Qazlal
  4030 | D:6      | Gained mutation: You have a pair of antennae on your head.
                  | [demonic ancestry]
  4030 | D:6      | Reached XP level 7. HP: 38/45 MP: 10/10
  4061 | D:6      | Found a glowing golden altar of the Shining One.
  4069 | D:6      | Found a basalt altar of Yredelemnul.
  4156 | D:6      | Noticed a moth of wrath
  4159 | D:6      | Found a bloodstained altar of Trog.
  4392 | D:6      | Reached skill level 5 in Polearms
  4555 | D:6      | Noticed an angel
  4727 | D:7      | Found an opulent altar of Gozag.
  4761 | D:7      | Found a flagged portal.
  4769 | Bailey   | Entered a bailey
  4840 | Bailey   | Found an iron altar of Okawaru.
  4840 | Bailey   | Noticed an orc high priest
  4840 | Bailey   | Noticed a kobold demonologist
  4841 | Bailey   | Noticed a red devil
  4861 | Bailey   | Gained mutation: You have a pair of large antennae on your
                  | head. (SInv) [demonic ancestry]
  4861 | Bailey   | Reached XP level 8. HP: 9/52 MP: 9/11
  5031 | Bailey   | Reached ** piety under Qazlal
  5069 | Bailey   | Noticed an orc knight
  5118 | Bailey   | Killed an orc knight
  5197 | Bailey   | HP: 1/51 [electric eel/bolt of electricity (7)]
  5198 | Bailey   | Killed from afar by an electric eel

Vault maps used:
D:1:      ncdulo_halloftheorcs, minmay_bisected
D:2:      lemuel_doored_altar, grunt_ministairs_1, uniq_sigmund, uniq_jessica,
          uniq_terence
D:3:      first_ration, grunt_decor_one_mirror,
          wander_ebering_terrifying_dragon_lair, uniq_crazy_yiuf_cottage
D:4:      okawaru_gym_becter, kennysheep_slug_shrine, minmay_temple_entry_wispy
D:5:      bh_walls_and_bars
D:6:      grunt_temple_overflow_holy_war, basic_altar, tgw_trog
D:7:      grunt_gozag_statues, enter_bailey_8, minmay_crystal_room,
          grunt_livestock, hangedman_decor_growths, vehumet_altar_wand_db
Temple:   regret_index_temple_generic_petals
Bailey:   bailey_axe_of_yendor_kennysheep, bailey

Skill      XL: |  1  2  3  4  5  6  7  8 |
---------------+-------------------------+-----
Necromancy     | 5 6 7 8 |  8.1
Polearms       | 4 6 8 |  8.6
Dodging        | |  1.7
Stealth        | |  1.7
Spellcasting   | |  2.0

Action                   |  1- 3 |  4- 6 |  7- 9 || total
-------------------------+-------+-------+-------++-------
Melee: Unarmed           |     5 |       |       ||     5
       Whip              |     9 |   176 |       ||   185
       Trident           |       |   118 |    30 ||   148
       Spear             |       |       |   157 ||   157
 Cast: Pain              |    51 |    55 |       ||   106
       Animate Skeleton  |    13 |    28 |     5 ||    46
       Vampiric Draining |       |     3 |       ||     3
       Regeneration      |       |     4 |     9 ||    13
  Use: Scroll            |       |    11 |     3 ||    14
       Potion            |       |       |     7 ||     7
 Stab: Sleeping          |     1 |     7 |       ||     8
       Distracted        |       |     1 |       ||     1
       Invisible         |       |       |     5 ||     5
  Eat: Chunk             |     1 |     9 |     7 ||    17
       Ration            |       |     1 |       ||     1
Armor: Robe              |     6 |       |       ||     6
       Leather armour    |     1 |    57 |       ||    58
       Ring mail         |       |    53 |    40 ||    93
Dodge: Dodged            |    24 |   164 |    70 ||   258
Block: Other             |       |       |     6 ||     6

Table legend:
 A = Non-vault XP
 B = Vault XP
 C = Vault XP percentage of total XP
 D = Non-vault monster count
 E = Vault monster count
 F = Vault count percentage of total count
                 A         B        C        D         E       F
            +---------+---------+-------+---------+---------+-------
      Total |    1152 |    1305 |  53.1 |      98 |      38 |  27.9
            +---------+---------+-------+---------+---------+-------
        D:1 |      58 |      45 |  43.7 |      26 |       5 |  16.1
        D:2 |      80 |      38 |  32.2 |      29 |       2 |   6.5
        D:3 |      37 |       1 |   2.6 |      12 |       1 |   7.7
        D:4 |     204 |       4 |   1.9 |      10 |       1 |   9.1
        D:5 |     386 |       0 |   0.0 |      12 |       0 |   0.0
        D:6 |     339 |      17 |   4.8 |       8 |       5 |  38.5
        D:7 |      48 |       0 |   0.0 |       1 |       0 |   0.0
     Bailey |       0 |    1200 | 100.0 |       0 |      24 | 100.0
            +---------+---------+-------+---------+---------+-------
